Description

This kind of cheese can be really challenging to hold but there is some ways to know about it : - You need to scout it really fast (that the reason why protoss scout early) - This ZvP cheese is realling engaging for the zerg - It's the first cheese to learn to hold: From Bronze to GM, many zerg do it

Build Order : - As soon as you see the early pool : Second gate + zealot chronoboosted - Cybernetic core after the first gate - 2nd zealot + adept - Stay between your 2 gates as much as possible, be ready to wall if your micro isn't perfect

VOD

https://youtu.be/Uunb430eYmY

Replay - Eternal Empire LE (14)

Build Order

Get SALT Encoding   

  12  0:01  Probe  
  13  0:13  Probe  
  14  0:20  Pylon  
  14  0:25  Probe (Chrono Boost)  
  15  0:38  Probe (Chrono Boost)  
  15  0:42  Gateway  
  16  0:46  Probe  
  16  0:49  Assimilator  
  17  0:58  Probe  
  18  1:10  Probe  
  19  1:17  Forge  
  19  1:22  Probe  
  20  1:30  Pylon x2  
  20  1:35  Pylon x2  
  20  1:51  Photon Cannon, Gateway  
  20  1:59  Photon Cannon  
  20  2:07  Photon Cannon x2  
  20  2:13  Photon Cannon  
  20  2:21  Photon Cannon  
Spawning Tool Build Advisor. Get it on Overwolf

Go to:

Details

  • Created by: zuka      
  • Published on: Dec 06, 2019
  • Modified on: Dec 06, 2019
  • Patch: 4.11.0
Show
View Real Time Build Order
Export as new Build Order

Comments (0)

There are no comments. Be the first!

Create an account to comment!